 Dungeon Crawl Stone Soup version 0.24-a0-586-g8e0e932a4c (webtiles) character file.

Game seed: 8632722195778671962, levelgen mode: deterministic

7 Gargoyl the Skirmisher (level 1, 0/19 HPs)
             Began as a Centaur Abyssal Knight on Sept 8, 2019.
             Was a Follower of Lugonu.
             Killed by nerve-wracking pain
             ... invoked by an orc priest
              (9 damage)
             ... on level 2 of the Dungeon.
             The game lasted 00:01:26 (1158 turns).

Gargoyl the Skirmisher (Centaur Abyssal Knight)     Turns: 1158, Time: 00:01:26

Health: 0/19       AC:  5    Str: 14    XL:     1   Next: 91%
Magic:  2/2        EV:  7    Int: 11    God:    Lugonu [*.....]
Gold:   81         SH:  4    Dex:  8    Spells: 0/0 levels left

rFire    . . .     SeeInvis .   a - +1 hand axe
rCold    . . .     Gourm    .   e - +2 buckler
rNeg     . . .     Faith    .   f - +0 ring mail
rPois    .         Spirit   .   (no helmet)
rElec    .         Reflect  .   (no cloak)
rCorr    .         Harm     .   (no gloves)
MR       .....                  (no barding)
Stlth    ..........             (no amulet)
HPRegen  0.06/turn              (no ring)
MPRegen  0.08/turn              (no ring)

@: very quick
A: large, hooves 3, deformed body, speed 2, tough skin 3
a: Depart the Abyss, Renounce Religion


You were on level 2 of the Dungeon.
You worshipped Lugonu.
Lugonu was aware of your devotion.
You were not hungry.

You visited 1 branch of the dungeon, and saw 2 of its levels.
You visited the Abyss 1 time.

You collected 81 gold pieces.

Inventory:

Hand Weapons
 a - a +1 hand axe (weapon)
Missiles
 i - 4 silver boomerangs (quivered)
Armour
 e - a +2 buckler (worn)
 f - a +0 ring mail (worn)
Potions
 d - a potion of berserk rage
 g - a potion of curing {unknown}
 k - a potion of might {unknown}
Comestibles
 c - 4 rations


   Skills:
 + Level 3.1 Fighting
 + Level 1.7 Axes
 * Level 1.6 Armour
 + Level 0.6 Dodging
 * Level 2.3 Invocations


You couldn't memorise any spells.
You didn't know any spells.
Your spell library was empty.

Dungeon Overview and Level Annotations

Branches:
Dungeon (2/15)

Altars:


Innate Abilities, Weirdness & Mutations

You have hooves in place of feet.
Armour fits poorly on your strangely shaped body.
You cover ground very quickly.
You have extremely tough skin. (AC +3)


Message History

You closely miss the orc priest.
The orc priest is lightly wounded.
The orc priest calls down the wrath of Beogh upon you.
Beogh smites you!
You hit the orc priest.
The orc priest is lightly wounded.
The orc priest barely misses you.
You hit the orc priest.
The orc priest is heavily wounded.
The orc priest closely misses you.
Your ring mail prevents you from hitting the orc priest.
Your kick misses the orc priest.
The orc priest is heavily wounded.
You block the orc priest's attack.
You hit the orc priest.
The orc priest is severely wounded.
The orc priest hits you.
The orc priest invokes the aid of Beogh against you.
Pain shoots through your body!
You die...

,,,,,*****,,,,**#.#####.....,,,,*
,***** *,**** *...........,,,,*
,*** ##.* **#.........,,,,* ,,,*
#..* ##.#*,,,,,,,,,, ,*,***###.#*
##..#**,,,,,,,,, ,*,,,,,...#
#..##*,,,,,,,,,, ,******#..# #.##
*,,,,,,,,,* ,* ##..# ###.#
*,,,,,,,,,* ** ####...## ###@o.#
*,,,,,,,,,* ***#.......###...###
*,,,,,,,,,* ,..#.....#..##.###
**,,,,,,,** *#...<...##....#
**,,,,,** ###....<####..# *******
#.....# #### #######


You could see an orc priest.

Vanquished Creatures
  2 giant cockroaches (D:1)
  A kobold (D:1)
  A goblin (D:1)
  4 rats (D:1)
8 creatures vanquished.

Notes
Turn   | Place    | Note
-------+----------+-------------------------------------------
     0 | Abyss:1  | Gargoyl the Centaur Abyssal Knight began the quest for the
                  | Orb.
     0 | Abyss:1  | Reached XP level 1. HP: 19/19 MP: 2/2
    46 | Abyss:2  | Found a corrupted altar of Lugonu.
    88 | D:1      | Escaped the Abyss
   981 | D:1      | Reached * piety under Lugonu
  1137 | D:2      | Noticed an orc priest
  1158 | D:2      | Killed from afar by an orc priest

Levels and vault maps discovered:
D:1:      matt_arrival_los_fun, layout_loops_ring, minmay_misc_feat_nine_boxes
D:2:      layout_rooms, uniq_terence

Action                   || total
-------------------------++-------
Melee: Hand axe          ||    19
       Kick              ||     3
Invok: Depart the Abyss  ||     1
  Use: Scroll            ||     4
Armor: Ring mail         ||     3
       Leather armour    ||     2
Dodge: Dodged            ||    10
Block: Buckler           ||     2

Table legend:
 A = Non-vault XP
 B = Vault XP
 C = Vault XP percentage of total XP
 D = Non-vault monster count
 E = Vault monster count
 F = Vault count percentage of total count
                 A         B        C        D         E       F
            +---------+---------+-------+---------+---------+-------
      Total |      11 |       0 |   0.0 |       8 |       0 |   0.0
            +---------+---------+-------+---------+---------+-------
        D:1 |      11 |       0 |   0.0 |       8 |       0 |   0.0
            +---------+---------+-------+---------+---------+-------
